 Dungeon Crawl Stone Soup version 0.31-a0-977-gc230f8ef24 (webtiles) character file.

Game seed: 7258728862798083572

63 Dirtsage the Chopper (level 4, -1/28 HPs)
             Began as a Gargoyle Fighter on Oct 29, 2023.
             Killed by divine providence
             ... invoked by an orc priest
              (13 damage)
             ... on level 3 of the Dungeon.
             The game lasted 00:02:11 (1464 turns).

Dirtsage the Chopper (Gargoyle Fighter)             Turns: 1464, Time: 00:02:11

Health: -1/28      AC: 12    Str: 22    XL:     4   Next: 9%
Magic:  4/4        EV:  9    Int:  8    God:
Gold:   83         SH:  4    Dex:  9    Spells: 3/3 levels left

rFire   . . .        a - +0 war axe
rCold   . . .        c - +0 buckler
rNeg    + . .        m - +1 scale mail {rPois}
rPois   ∞            (no helmet)
rElec   +            g - +0 cloak
rCorr   .            (no gloves)
SInv    .            (no boots)
Will    .....        (no amulet) Stlth
                     (no ring)
HPRegen 0.24/turn    (no ring)
MPRegen 0.09/turn

%: no passive effects
@: no status effects
A: sickness immunity, AC +3, negative energy resistance 1, electricity
resistance, torment resistance 1, petrification resistance
a: no special abilities


You were on level 3 of the Dungeon.
You visited 1 branch of the dungeon, and saw 3 of its levels.

You collected 83 gold pieces.

Inventory:

Hand Weapons
 a - a +0 war axe (weapon)
Armour
 b - a +0 scale mail
 c - a +0 buckler (worn)
 g - a +0 cloak (worn)
 m - a +1 scale mail of poison resistance (worn)
Jewellery
 k - an amulet of magic regeneration
Wands
 o - a wand of paralysis (14)
Scrolls
 e - a scroll of torment {unknown}
 h - a scroll of fear {unknown}
 i - a scroll of enchant armour {unknown}
 j - a scroll of identify {unknown}
 l - 3 scrolls of teleportation {unknown}
 n - 2 scrolls of enchant weapon {unknown}
Potions
 d - a potion of might
 f - a potion of magic {unknown}


   Skills:
 - Level 3.2 Fighting
 + Level 3.9 Axes
 - Level 3.2 Armour
 - Level 3.2 Shields


You had 3 spell levels left.
You didn't know any spells.
Your spell library contained the following spells:

 Spells                   Type           Power      Damage    Failure   Level
 Hailstorm                Conj/Ice       0%         3d3       99%         3
 Ozocubu's Armour         Ice            0%         N/A       99%         3
 Summon Ice Beast         Ice/Summ       0%         N/A       100%        4
 Metabolic Englaciation   Hex/Ice        0%         N/A       100%        5
 Simulacrum               Ice/Necr       0%         N/A       100%        6


Dungeon Overview and Level Annotations

Branches:
Dungeon (3/15)

Altars:

Shops:
D:2 (


Innate Abilities, Weirdness & Mutations

You are immune to sickness and miasma.
Your stone body is resilient. (AC +3)
You are immune to poison.
You resist negative energy. (rN+)
You are resistant to electric shocks. (rElec)
You are resistant to unholy torment.
You are immune to petrification.


Message History

The kobold hits you but does no damage.
The goblin moves out of view.
You hit the kobold.
The kobold is moderately wounded.
The kobold hits you but does no damage.
An orc comes into view.
It is wielding a +0 flail of protection.
The orc shouts!
You hit the kobold.
The kobold is severely wounded.
A ball python comes into view.
The kobold closely misses you.
An orc priest comes into view.
It is wielding a +0 hand axe of freezing.
The kobold hits you but does no damage.
You closely miss the kobold.
The kobold is severely wounded.
The ball python hisses angrily.
You hear a shout!
A goblin comes into view. It is wielding a +0 club.
The kobold hits you but does no damage.
You closely miss the kobold.
The kobold is severely wounded.
The kobold hits you with a +0 dagger.
An orc comes into view. It is wielding a +0 short sword.
You take 1 damage, and have 27/28 hp.
You hit the kobold.
You kill the kobold!
The orc priest calls down the wrath of Beogh upon you.
Beogh smites you!
Ouch! That really hurt!
You take 14 damage, and have 13/28 hp.
MASSIVE DAMAGE!!
You are too injured to fight recklessly!
You are too injured to fight recklessly!
An endoplasm comes into view.
The orc attacks as it pursues you!
The orc hits you with a +0 flail of protection.
You take 2 damage, and have 12/28 hp.
You closely miss the orc.
The endoplasm quivers.
The orc hits you but does no damage.
The orc priest calls down the wrath of Beogh upon you.
Beogh smites you!
You die...

#..##.........#
###. #........[##
.... #...........
.... #.........#.
....# #.........#
.....##.........#
................#
........######.##
.......So@..# .#
......go###.# .
......o.. .. .
.........S ...
.#.#####.o. J..
... #..g .. ..
..o. # .....


You could see an orc priest, 2 orcs, an endoplasm, a goblin and a ball python.

Vanquished Creatures
  Terence (D:2)
  An adder (D:3)
  A dart slug (D:2)
  3 ball pythons
  An endoplasm (D:2)
  A giant cockroach (D:1)
  2 goblins
  A hobgoblin (D:1)
  A quokka (D:2)
  8 bats
  5 kobolds
  A rat (D:2)
26 creatures vanquished.

Notes
Turn   | Place    | Note
-------+----------+-------------------------------------------
     0 | D:1      | Dirtsage the Gargoyle Fighter began the quest for the Orb.
     0 | D:1      | Reached XP level 1. HP: 14/14 MP: 1/1
   256 | D:1      | Reached XP level 2. HP: 19/19 MP: 2/2
  1006 | D:2      | Found Watama's Weapon Emporium.
  1094 | D:2      | Noticed Terence
  1105 | D:2      | Killed Terence
  1106 | D:2      | Reached XP level 3. HP: 15/23 MP: 3/3
  1439 | D:3      | Reached XP level 4. HP: 28/28 MP: 4/4
  1464 | D:3      | Killed from afar by an orc priest

Illustrated notes

Levels and vault maps discovered:
D:1:      roderic_crop_circles_arrival_small, layout_loops_ring,
          chequers_serial_rivers_small_a
D:2:      layout_basic, serial_shops, nicolae_shop_tiny_waterfront, uniq_terence
D:3:      layout_rooms, marbit_many_paths, uniq_pargi

Skill      XL: |  1  2 |
---------------+-------+-----
Axes           | 2 3 |  3.9
Fighting       | |  3.2
Armour         | |  3.2
Shields        | |  3.2

Action                     |  1- 3 |  4- 6 || total
---------------------------+-------+-------++-------
  Melee: War axe           |    87 |     6 ||    93
 Armour: Scale mail        |    76 |     8 ||    84
  Dodge: Dodged            |    54 |     1 ||    55
  Block: Buckler           |    25 |       ||    25

Table legend: (Time is in decaauts)
 A = Elapsed time spent in this place.
 B = Non-inter-level travel time spent in this place.
 C = Inter-level travel time spent in this place.
 D = Time resting spent in this place.
 E = Time spent auto-exploring this place.
 F = Levels seen in this place.
 G = Mean time per level.
                   A        B        C        D        E       F      G
               +--------+--------+--------+--------+--------+-----+--------+
         Total |   1507 |   1462 |     45 |      0 |   1211 |   3 |  502.3 |
       Dungeon |   1507 |   1462 |     45 |      0 |   1211 |   3 |  502.3 |
               +--------+--------+--------+--------+--------+-----+--------+

Top non-repeatable levels by time:
     D:2: 747 daAuts
     D:1: 719 daAuts
     D:3: 41 daAuts
